Map: Simulacrum LE

Players

liquidthermy (uThermal)

  • Race: Terran Terran
  • Spawn Location: 11:00

Neeblet (Neeb) - Winner!

  • Race: Protoss Protoss
  • Spawn Location: 5:00

VOD

Have the link to the VOD?

Description

Time

  • Played on: Jan. 14, 2020, 12:23 p.m.
  • Length: 7:18
Show
View Real Time Build Order
Export as new Build Order

liquidthermy Terran 

Build Orders: Reaper Expand, Mech 

Get SALT Encoding   

  12  0:01  SCV  
  13  0:13  SCV  
  14  0:17  Supply Depot  
  14  0:25  SCV  
  15  0:38  SCV  
  15  0:40  Barracks  
  16  0:43  Refinery  
  16  0:50  SCV  
  17  1:03  SCV  
  18  1:15  SCV  
  19  1:27  Orbital Command, Reaper  
  20  1:42  Command Center  
  20  1:50  Supply Depot  
  20  1:53  SCV  
  21  2:00  Barracks Reactor  
  21  2:05  SCV  
  21  2:07  Refinery  
  22  2:17  SCV  
  22  2:18  Bunker  
  22  2:21  Factory  
  23  2:29  SCV  
  24  2:37  Marine x2  
  24  2:42  SCV  
  27  2:54  SCV  
  27  2:55  Marine x2, Orbital Command  
  30  3:06  SCV, Starport  
  30  3:08  Factory Tech Lab  
  31  3:13  Marine x2  
  31  3:18  SCV  
  34  3:20  SCV  
  34  3:26  Cyclone  
  38  3:30  SCV  
  38  3:31  Marine x2  
  38  3:32  SCV  
  38  3:34  Supply Depot  
  42  3:42  Viking  
  42  3:43  SCV  
  45  3:50  Marine x2, Supply Depot  
  47  3:55  SCV  
  47  3:57  SCV  
  47  3:58  Siege Tank  
  51  4:07  SCV  
  51  4:08  Marine x2  
  51  4:09  Supply Depot  
  54  4:11  SCV  
  54  4:13  Viking  
  57  4:19  SCV  
  57  4:23  SCV  
  59  4:26  Marine x2  
  59  4:31  Siege Tank  
  64  4:32  SCV, Supply Depot  
  65  4:41  SCV  
  65  4:43  Viking  
  65  4:44  SCV, Marine  
  70  4:54  Marine  
  70  4:55  SCV, Command Center  
  70  4:56  SCV  
  70  4:59  Supply Depot  
  73  5:02  Marine  
  73  5:03  Siege Tank  
  77  5:11  SCV  
  78  5:14  Refinery  
  78  5:15  Refinery  
  78  5:20  Marine x2, Viking  
  82  5:23  SCV, Supply Depot  
  79  5:38  Marine  
  79  5:41  Bunker  
  79  5:42  Bunker  
  80  5:43  Marine, Siege Tank  
  80  5:44  SCV  
  80  5:45  SCV  
  84  5:56  Marine  
  74  6:01  Marine  
  74  6:03  SCV  
  71  6:04  SCV  
  71  6:09  Orbital Command  
  69  6:13  Marine  
  69  6:15  SCV, Siege Tank  
  69  6:16  SCV  
  72  6:19  Marine, Viking  
  75  6:28  SCV x2  
  72  6:35  Orbital Command  
  65  6:42  Factory  
  65  6:43  SCV x2, Engineering Bay  
  65  6:44  Factory, Armory  
  64  6:48  Barracks Tech Lab  
  67  6:55  SCV x2  
  67  7:01  SCV  
  70  7:02  Refinery  
  70  7:03  Refinery  
Show
View Real Time Build Order
Export as new Build Order

Neeblet Protoss - Winner!

Build Orders: 1 Gate Expand, Oracle Opening, Phoenix Opening 

Get SALT Encoding   

  12  0:00  Probe  
  13  0:12  Probe  
  14  0:17  Pylon  
  14  0:25  Probe (Chrono Boost)  
  15  0:36  Gateway  
  15  0:37  Probe (Chrono Boost)  
  16  0:44  Probe (Chrono Boost)  
  16  0:46  Assimilator  
  17  0:51  Probe  
  18  1:03  Probe  
  19  1:15  Probe  
  20  1:23  Nexus  
  20  1:34  Cybernetics Core  
  20  1:36  Probe  
  21  1:42  Assimilator  
  21  1:48  Probe  
  21  1:51  Pylon  
  22  2:00  Probe (Chrono Boost), Stalker  
  23  2:11  Probe (Chrono Boost)  
  26  2:15  Probe (Chrono Boost)  
  26  2:22  Stargate  
  27  2:28  Probe (Chrono Boost)  
  28  2:30  Adept  
  28  2:35  Probe (Chrono Boost)  
  30  2:37  Warp Gate  
  32  2:45  Probe x2 (Chrono Boost)  
  32  2:52  Probe, Pylon  
  32  2:54  Probe  
  34  3:04  Probe  
  34  3:05  Oracle (Chrono Boost)  
  35  3:06  Probe  
  39  3:16  Probe  
  39  3:18  Probe  
  41  3:28  Probe  
  41  3:30  Probe, Pylon  
  43  3:35  Phoenix  
  43  3:40  Probe  
  46  3:42  Probe  
  47  3:49  Gateway  
  47  3:51  Gateway  
  47  3:53  Probe  
  47  3:54  Probe  
  49  3:59  Phoenix (Chrono Boost)  
  51  4:05  Probe  
  51  4:09  Nexus  
  52  4:11  Probe  
  53  4:17  Phoenix  
  53  4:18  Pylon  
  53  4:21  Probe  
  56  4:29  Probe  
  57  4:32  Assimilator  
  57  4:34  Assimilator  
  57  4:37  Probe, Pylon  
  58  4:42  Phoenix  
  58  4:43  Adept  
  58  4:44  Probe  
  63  4:50  Adept x2  
  63  4:51  Probe  
  69  5:03  Probe, Pylon  
  69  5:04  Pylon  
  70  5:08  Forge  
  70  5:09  Twilight Council  
  70  5:21  Phoenix  
  71  5:22  Adept  
  71  5:23  Adept x2  
  77  5:29  Shield Battery  
  72  5:37  Probe x2  
  72  5:38  Probe  
  75  5:45  Stalker x3  
  75  5:46  Phoenix  
  75  5:49  Probe  
  84  5:50  Probe  
  84  5:51  Probe  
  80  6:01  Probe  
  80  6:02  Probe  
  80  6:03  Probe  
  73  6:09  Stalker x2  
  75  6:13  Probe  
  75  6:14  Probe  
  75  6:15  Probe  
  75  6:17  Stalker  
  78  6:19  Pylon  
  73  6:25  Probe  
  73  6:26  Probe  
  73  6:28  Probe  
  71  6:37  Stalker x3  
  71  6:38  Probe x2  
  77  6:40  Probe  
  77  6:46  Assimilator, Robotics Facility  
  78  6:48  Assimilator  
  78  6:50  Probe x2  
  78  6:52  Probe  
  81  7:02  Probe x2  
  81  7:04  Probe  
  84  7:09  Stalker x3  
Tags
 
Add a new tag
Caveats
  • Supply blocks, unpowered buildings, or Contaminate may cause inaccurate times.
  • Supply counts are checked every 10 seconds.